 Dungeon Crawl Stone Soup version 0.31-a0-214-gb37851dbb3 (webtiles) character file.

Game seed: 8158652238889357386

1014 qw the Skirmisher (level 8, -3/48 HPs)
             Began as a Gargoyle Hexslinger on June 30, 2023.
             Slain by a gargoyle
             ... wielding a +0 mace
              (15 damage)
             ... on level 5 of the Dungeon.
             The game lasted 00:02:10 (5046 turns).

qw the Skirmisher (Gargoyle Hexslinger)             Turns: 5046, Time: 00:02:10

Health: -3/48      AC: 12    Str: 13    XL:     8   Next: 21%
Magic:  0/0        EV: 16    Int: 13    God:
Gold:   301        SH:  0    Dex: 14    Spells: 8/9 levels left

rFire   . . .        Y - +2 sling (drain)
rCold   . . .        (no shield)
rNeg    + + .        m - +0 leather armour
rPois   inf          n - +0 helmet
rElec   +            k - +0 cloak
rCorr   .            (no gloves)
SInv    +            l - +0 pair of boots of the Great Game {+Inv rN+ MP-9 SInv}
Will    .....        j - amulet of guardian spirit
Stlth   +            d - +5 ring of evasion
HPRegen 0.28/turn    (no ring)
MPRegen 0.07/turn

%: guardian spirit
@: about to teleport
A: sickness immunity, AC +5, negative energy resistance 1, electricity
resistance, torment resistance 1, petrification resistance
a: Evoke Invisibility


You were on level 5 of the Dungeon.
You visited 1 branch of the dungeon, and saw 5 of its levels.

You collected 301 gold pieces.


Innate Abilities, Weirdness & Mutations

You are immune to sickness and miasma.
Your stone body is resilient. (AC +5)
You are immune to poison.
You resist negative energy. (rN+)
You are resistant to electric shocks. (rElec)
You are resistant to unholy torment.
You are immune to petrification.


   Skills:
 + Level 4.9 Fighting
 - Level 8.1 Ranged Weapons
 - Level 1.6 Armour
 - Level 1.5 Dodging
 - Level 1.0 Spellcasting
 - Level 2.6 Hexes


You had 8 spell levels left.
You knew the following spells:

 Your Spells              Type           Power      Damage    Failure   Level
a - Slow                  Hex            28%        N/A       12%         1

Your spell library contained the following spells:

 Spells                   Type           Power      Damage    Failure   Level
 Inner Flame              Hex/Fire       4%         N/A       52%         3
 Portal Projectile        Hex/Tloc       8%         N/A       52%         3
 Cause Fear               Hex            3%         N/A       75%         4

Inventory:

Hand Weapons
 Y - a +2 sling of draining (weapon)
Armour
 k - a +0 cloak (worn)
 l - the +0 pair of boots of the Great Game (worn) {+Inv rN+ MP-9 SInv}
   (You acquired it on level 3 of the Dungeon)

   rN:        It protects you from negative energy.
   MP:        It affects your magic capacity (-9).
   SInv:      It lets you see invisible.
   +Inv:      It lets you turn invisible.
 m - a +0 leather armour (worn)
 n - a +0 helmet (worn)
 o - a +1 robe of resistance
Jewellery
 a - an amulet of faith
 d - a +5 ring of evasion (left hand)
 j - an amulet of guardian spirit (around neck)
Scrolls
 i - a scroll of identify
Potions
 e - a potion of degeneration {unknown}
 f - 5 potions of curing
 g - a potion of invisibility {unknown}
 h - 2 potions of might

Dungeon Overview and Level Annotations

Branches:
Dungeon (5/15)
 Temple: D:4-7

Altars:
Dithmenos
Kikubaaqudgha
Makhleb
Qazlal
Yredelemnul

Annotations:
D:3 1 runed translucent door, Crazy Yiuf


Message History

The gargoyle misses you.
You shoot a sling bullet.
The sling bullet barely misses the gargoyle.
The gargoyle hits you with a +0 mace!
You shoot a sling bullet.
The sling bullet barely misses the gargoyle.
The gargoyle misses you.
You shoot a sling bullet.
The sling bullet hits the gargoyle but does no damage.
The gargoyle is heavily damaged.
The gargoyle hits you but does no damage.
You shoot a sling bullet. The sling bullet hits the gargoyle.
The gargoyle is heavily damaged.
The gargoyle barely misses you.
You shoot a sling bullet.
The sling bullet hits the gargoyle but does no damage.
The gargoyle is heavily damaged.
The gargoyle barely misses you.
You shoot a sling bullet. The sling bullet hits the gargoyle.
The gargoyle is heavily damaged.
The gargoyle hurls a stone arrow at you.
The stone arrow misses you.
You shoot a sling bullet.
The sling bullet hits the gargoyle but does no damage.
The gargoyle is heavily damaged.
The gargoyle hurls a stone arrow at you.
The stone arrow hits you!
You shoot a sling bullet.
The sling bullet hits the gargoyle but does no damage.
The gargoyle is heavily damaged.
The gargoyle barely misses you.
You shoot a sling bullet.
The sling bullet hits the gargoyle but does no damage.
The gargoyle is heavily damaged.
The gargoyle hits you with a +0 mace!
5046 ||| READING scroll of teleportation.
As you read the scroll of teleportation, it crumbles to dust.
You feel strangely unstable. The gargoyle hits you with a +0 mace!
You die...

.# #.......#...# #.#.# .. .#
#.......#.).# #.#.##########
.# #.......#...#
##.#.##.......% ##
#.......#...###....##.##.....
#.......#...##...#.##.##.####
#.#.#####...##.#.#....##.#
#####.#..####...##.#.#######.#
......##........#9...# #.#
#########.......@..### #.#
#..........# #.# #....#...>.##
######.# ## #....#......#
#......# .# ######....#......#
#.###### ## #.........###....#
#.# #### # #.........# #.[..#
#.# #... # #.........# #....#
#.# #.## # #.........###....#
#.# #.#


You could see a gargoyle.

Vanquished Creatures
  Grinder (D:5)
  A yak (D:5)
  Eustachio (D:5)
  A scorpion (D:5)
  A howler monkey (D:5)
  A hound (D:3)
  An orc priest (D:3)
  4 iguanas
  A sleepcap (D:5)
  7 gnolls
  9 adders
  A white imp (D:5)
  6 dart slugs
  A worm (D:4)
  6 orcs
  5 ball pythons
  6 endoplasms
  10 giant cockroaches
  6 goblins
  7 hobgoblins
  3 quokkas
  7 bats
  4 frilled lizards
  8 kobolds
  6 rats
104 creatures vanquished.

Vanquished Creatures (others)
  A human (D:3)
1 creature vanquished.

Grand Total: 105 creatures vanquished

Notes
Turn   | Place    | Note
-------+----------+-------------------------------------------
     0 | D:1      | qw the Gargoyle Hexslinger began the quest for the Orb.
     0 | D:1      | Reached XP level 1. HP: 12/12 MP: 2/2
     0 | D:1      | 0 ||| qw: Version: 0.3-a-32-g5962c71
     0 | D:1      | 0 ||| qw: Game counter: 7335
     0 | D:1      | 0 ||| qw: Melee chars always use a shield: true
     0 | D:1      | 0 ||| qw: God list: Okawaru
     0 | D:1      | 0 ||| qw: Allow faded altars: false
     0 | D:1      | 0 ||| qw: Do Orc after clearing Dungeon:15 true
     0 | D:1      | 0 ||| qw: Do second Lair branch before Depths: true
     0 | D:1      | 0 ||| qw: Lair rune preference: random
     0 | D:1      | 0 ||| qw: Goals: Normal
     0 | D:1      | 0 ||| PLANNING D:1-11
   359 | D:1      | 359 ||| FLEEEEING.
   360 | D:1      | 360 ||| FLEEEEING.
   361 | D:1      | 361 ||| FLEEEEING.
   396 | D:1      | Reached XP level 2. HP: 16/16 MP: 3/3
   510 | D:1      | Reached skill level 3 in Ranged Weapons
   569 | D:1      | Reached XP level 3. HP: 19/21 MP: 4/4
   898 | D:1      | 898 ||| UPGRADING to +5 ring of evasion.
   899 | D:1      | 899 ||| READING scroll labelled CYLODO WAULE.
   900 | D:1      | 900 ||| DROPPING scroll of poison.
   917 | D:2      | 917 ||| STAIRDANCE
   989 | D:2      | Found a basalt altar of Yredelemnul.
  1192 | D:2      | Reached skill level 4 in Ranged Weapons
  1192 | D:2      | Reached XP level 4. HP: 16/26 MP: 5/5
  1322 | D:2      | You fall into a shaft and drop 1 floor!
  1323 | D:3      | 1323 ||| UPGRADING to +0 cloak.
  1328 | D:3      | 1328 ||| UPGRADING to +0 leather armour.
  1338 | D:3      | 1338 ||| DROPPING +0 robe.
  1339 | D:3      | 1339 ||| READING scroll labelled UTYOSU SEDUERI.
  1340 | D:3      | 1340 ||| READING scroll labelled YLITYI PUTTEIRAF.
  1341 | D:3      | 1341 ||| READING scroll labelled ONEEXU MIL.
  1342 | D:3      | 1342 ||| READING scroll labelled CUUCVI LYCOO.
  1342 | D:3      | Identified a scroll of acquirement
  1342 | D:3      | 1342 ||| ACQUIRING +0 pair of boots of the Great Game {+Inv
                  | rN+ MP-9 SInv}
  1342 | D:3      | Acquired the +0 pair of boots of the Great Game {+Inv rN+
                  | MP-9 SInv}
  1343 | D:3      | 1343 ||| DRINKING 4 green potions.
  1344 | D:3      | 1344 ||| READING 2 scrolls of identify.
  1344 | D:3      | 1344 ||| IDENTIFYING glowing red potion
  1778 | D:2      | 1778 ||| READING scroll labelled ASATOCL MEOL.
  1810 | D:3      | Found a shadowy altar of Dithmenos.
  1843 | D:3      | Found a runed translucent door.
  1844 | D:3      | Noticed Crazy Yiuf
  1916 | D:3      | Reached XP level 5. HP: 28/30 MP: 6/6
  2009 | D:3      | Found an ancient bone altar of Kikubaaqudgha.
  2009 | D:3      | Found a stormy altar of Qazlal.
  2011 | D:3      | Noticed a human
  2013 | D:3      | Killed a human
  2085 | D:3      | Reached skill level 5 in Ranged Weapons
  2137 | D:3      | Found a burning altar of Makhleb.
  2261 | D:3      | 2261 ||| FLEEEEING.
  2262 | D:3      | 2262 ||| FLEEEEING.
  2263 | D:3      | 2263 ||| FLEEEEING.
  2264 | D:3      | 2264 ||| FLEEEEING.
  2271 | D:3      | 2271 ||| FLEEEEING.
  2272 | D:3      | 2272 ||| FLEEEEING.
  2273 | D:3      | 2273 ||| STAIRDANCE
  2291 | D:2      | 2291 ||| UPGRADING to +0 pair of boots of the Great Game
                  | {+Inv rN+ MP-9 SInv}.
  2296 | D:2      | 2296 ||| UPGRADING to amulet of guardian spirit.
  2301 | D:2      | 2301 ||| READING 2 scrolls labelled YMOD BU DEDGH.
  2306 | D:2      | 2306 ||| DRINKING 3 black potions.
  2652 | D:3      | Reached skill level 3 in Fighting
  2838 | D:3      | 2838 ||| UPGRADING to +0 helmet.
  2953 | D:4      | Reached skill level 1 in Armour
  2972 | D:4      | Reached XP level 6. HP: 37/37 MP: 0/7
  2975 | D:4      | Identified the +3 hand axe of Drought {heavy, Int+3}
  3757 | D:4      | 3757 ||| READING scroll labelled CYZOUSCH OKHE.
  3758 | D:4      | 3758 ||| READING scroll labelled FISTECO SYRA.
  3759 | D:4      | 3759 ||| READING 2 scrolls labelled SEONI WE AZXIG.
  3783 | D:4      | 3783 ||| DRINKING 2 bubbling grey potions.
  3809 | D:4      | 3809 ||| DRINKING 2 orange potions.
  3810 | D:4      | 3810 ||| READING 2 scrolls of identify.
  3810 | D:4      | 3810 ||| IDENTIFYING purple potion
  3811 | D:4      | 3811 ||| DROPPING potion of lignification.
  3812 | D:4      | 3812 ||| DROPPING potion of berserk rage.
  3813 | D:4      | 3813 ||| DROPPING potion of attraction.
  3814 | D:4      | 3814 ||| DROPPING scroll of torment.
  3821 | D:5      | Entered Level 5 of the Dungeon
  3831 | D:5      | 3831 ||| STAIRDANCE
  3934 | D:5      | Noticed Grinder
  3950 | D:5      | Paralysed by Grinder for 5 turns
  3965 | D:5      | Paralysed by Grinder for 5 turns
  3974 | D:5      | Reached skill level 6 in Ranged Weapons
  3974 | D:5      | 3974 ||| FLEEEEING.
  3975 | D:5      | 3975 ||| FLEEEEING.
  3978 | D:5      | 3978 ||| FLEEEEING.
  3979 | D:5      | 3979 ||| FLEEEEING.
  3980 | D:5      | 3980 ||| FLEEEEING.
  3982 | D:5      | Killed Grinder
  3983 | D:5      | Reached XP level 7. HP: 27/44 MP: 0/8
  4085 | D:5      | Noticed a yak
  4086 | D:5      | Noticed a gargoyle
  4112 | D:5      | Killed a yak
  4114 | D:5      | HP: 6/44 [gargoyle/stone arrow (13)]
  4115 | D:5      | 4115 ||| READING 3 scrolls of teleportation.
  4117 | D:5      | 4117 ||| DRINKING 2 potions of heal wounds.
  4194 | D:5      | Reached skill level 7 in Ranged Weapons
  4522 | D:5      | Reached XP level 8. HP: 48/48 MP: 0/9
  4709 | D:5      | HP: 6/48 [gargoyle/+0 mace (8)]
  4710 | D:5      | 4710 ||| READING 2 scrolls of teleportation.
  4711 | D:5      | 4711 ||| DRINKING potion of heal wounds.
  4712 | D:5      | HP: 2/48 [gargoyle/stone arrow (7)]
  4952 | D:5      | Noticed Eustachio
  4975 | D:5      | Killed Eustachio
  4976 | D:5      | Reached skill level 8 in Ranged Weapons
  5045 | D:5      | HP: 12/48 [gargoyle/+0 mace (11)]
  5046 | D:5      | 5046 ||| READING scroll of teleportation.
  5046 | D:5      | Slain by a gargoyle

Levels and vault maps discovered:
D:1:      saegor_arrival_fortress, layout_basic
D:2:      layout_loops_ring, serial_forest, infiniplex_forest_fountain,
          infiniplex_forest_clump_large, infiniplex_forest_end_2,
          infiniplex_forest_clump_medium, infiniplex_forest_pool, basic_altar
D:3:      kennysheep_big_flooded_room, layout_basic,
          mainiacjoe_overflow_tiny_flanked, grunt_qazlal_clouds,
          tgw_kikubaaqudgha, lemuel_crystal_altar, uniq_crazy_yiuf_cottage
D:4:      layout_basic, nicolae_elevator_lobby_asterisk
D:5:      layout_basic, kennysheep_okawaru_gauntlet, minmay_small_thing,
          uniq_eustachio, uniq_grinder

Skill      XL: |  1  2  3  4  5  6  7  8 |
---------------+-------------------------+-----
Ranged Weapons | 3 4 5 6 7 8 |  8.1
Fighting       | 2 3 4 |  4.9
Armour         | 1 |  1.6
Dodging        | |  1.5
Spellcasting   | |  1.0
Hexes          | |  2.6

Action                     |  1- 3 |  4- 6 |  7- 9 || total
---------------------------+-------+-------+-------++-------
   Fire: Sling             |   143 |   225 |   138 ||   506
    Use: Scroll            |     1 |    11 |     3 ||    15
         Potion            |       |     4 |     2 ||     6
 Armour: Robe              |    27 |     2 |       ||    29
         Leather armour    |       |    39 |    24 ||    63
  Dodge: Dodged            |    58 |    85 |    74 ||   217

Table legend:
 A = Non-vault XP
 B = Vault XP
 C = Vault XP percentage of total XP
 D = Non-vault monster count
 E = Vault monster count
 F = Vault count percentage of total count
                 A         B        C        D         E       F
            +---------+---------+-------+---------+---------+-------
      Total |     755 |     694 |  47.9 |      97 |       7 |   6.7
            +---------+---------+-------+---------+---------+-------
        D:1 |      42 |       0 |   0.0 |      24 |       0 |   0.0
        D:2 |      76 |       0 |   0.0 |      17 |       0 |   0.0
        D:3 |     133 |      15 |  10.1 |      23 |       2 |   8.0
        D:4 |     130 |       0 |   0.0 |      16 |       0 |   0.0
        D:5 |     374 |     679 |  64.5 |      17 |       5 |  22.7
            +---------+---------+-------+---------+---------+-------
